 Dungeon Crawl Stone Soup version 0.21-a0-348-ga060c75 (webtiles) character file.

982 Fandomethor the Skirmisher (level 7, -3/94 HPs)
             Began as a Minotaur Fighter on Oct 6, 2017.
             Killed by divine providence
             ... invoked by an orc priest
              (12 damage)
             ... on level 4 of the Dungeon.
             The game lasted 00:12:27 (2709 turns).

Fandomethor the Skirmisher (Minotaur Fighter)       Turns: 2709, Time: 00:12:27

Health: -3/94      AC: 11    Str: 27    XL:     7   Next: 96%
Magic:  6/6        EV:  8    Int:  6    God:
Gold:   190        SH: 10    Dex:  9    Spells: 6/6 levels left

rFire    . . .     SeeInvis .   a - +0 long sword
rCold    . . .     Gourm    +   c - +0 shield
rNeg     . . .     Faith    .   l - +0 chain mail
rPois    .         Spirit   .   (helmet restricted)
rElec    .         Reflect  .   (no cloak)
rCorr    .         Harm     .   (no gloves)
MR       .....                  e - +0 pair of boots
Stlth    ..........             r - amulet of the gourmand
HPRegen  0.25/turn              (no ring)
MPRegen  0.10/turn              (no ring)

@: berserking, very quick
A: retaliatory headbutt, horns 2
a: no special abilities


You were on level 4 of the Dungeon.
You were not hungry.

You visited 1 branch of the dungeon, and saw 4 of its levels.

You collected 190 gold pieces.

Inventory:

Hand Weapons
 a - a +0 long sword (weapon)
Armour
 c - a +0 shield (worn)
 e - a +0 pair of boots (worn)
 l - a +0 chain mail (worn)
Jewellery
 r - an amulet of the gourmand (around neck)
Wands
 q - a wand of acid (4/15)
 u - a wand of confusion (21/48)
 w - a wand of flame (15/48)
 y - a wand of iceblast (4/15)
Scrolls
 b - 3 scrolls of teleportation {unknown}
 d - a scroll of magic mapping {unknown}
 g - 7 scrolls of identify {unknown}
 j - 2 scrolls of enchant weapon {unknown}
 k - 2 scrolls of fog {unknown}
 o - a scroll of enchant armour {unknown}
 s - a scroll of fear {unknown}
 t - a scroll of amnesia {unknown}
 v - a scroll of random uselessness {unknown}
Potions
 p - a potion of agility {unknown}
 x - a potion of magic {unknown}
 z - a potion of cancellation {unknown}
 C - a potion of curing {unknown}
Comestibles
 f - 4 bread rations
 m - 3 meat rations
 A - 4 fruits
 B - a royal jelly


   Skills:
 - Level 6.0 Fighting
 + Level 5.5 Long Blades
 - Level 6.0 Armour
 + Level 4.3 Dodging
 - Level 6.0 Shields


You had 6 spell levels left.
You didn't know any spells.

Dungeon Overview and Level Annotations

Branches:
Dungeon (4/15)
 Temple: D:4-7

Altars:
Fedhas
Hepliaklqana
Ru
Trog


Innate Abilities, Weirdness & Mutations

You reflexively headbutt those who attack you in melee.
You have a pair of horns on your head.


Message History

The orc wizard is severely wounded.
The orc wizard gestures at you while chanting.
The puff of flame hits you!
* * * LOW HITPOINT WARNING * * *
You hit the orc wizard.
You kill the orc wizard!
You hear some strange, mumbled words.
A puff of flame appears from out of thin air!
Deactivating autopickup; reactivate with Ctrl-A.
The puff of flame hits you!
Unknown command.
You block the orc's attack. x2
Found 28 stones.
Items here: )))) [[[[ †† You slice something!!
Reactivating autopickup.
You feel a bit more experienced.
The orc priest invokes the aid of Beogh against you.
Beogh smites you!
You die...

...( .8. ..$ # .. .#
###o####..# .ooo.....#.
#ooo...... #@# #.# #.#
.... #.# #...
#$########..#####
#.##............
#.##.#........# ##
#.##.#........#...
#..###..(.#.#......#.##


You could see an orc priest and 6 orcs.

Vanquished Creatures
  Grinder (D:3)
  2 orc warriors (D:4)
  An ogre (D:4)
  An orc priest (D:3)
  Ijyb (D:3)
  5 orc wizards
  An iguana (D:4)
  Natasha (D:2)
  2 worker ants (D:4)
  4 gnolls
  7 adders
  2 oozes
  An adder skeleton (D:4)
  A worm (D:4)
  3 dart slugs (D:3)
  2 leopard geckos
  12 orcs
  2 giant cockroaches
  9 goblins
  10 hobgoblins
  5 jackals
  2 quokkas
  4 ball pythons
  6 bats
  2 frilled lizards
  10 kobolds
  10 rats
107 creatures vanquished.

Vanquished Creatures (others)
  An orc wizard (D:4)
1 creature vanquished.

Grand Total: 108 creatures vanquished

Notes
Turn   | Place    | Note
-------+----------+-------------------------------------------
     0 | D:1      | Fandomethor the Minotaur Fighter began the quest for the Orb.
     0 | D:1      | Reached XP level 1. HP: 19/19 MP: 0/0
   292 | D:1      | Reached XP level 2. HP: 25/27 MP: 1/1
   544 | D:1      | Reached skill level 1 in Dodging
   544 | D:1      | Reached XP level 3. HP: 6/33 MP: 2/2
   990 | D:2      | Reached XP level 4. HP: 39/40 MP: 3/3
  1076 | D:2      | Noticed Natasha
  1086 | D:2      | Killed Natasha
  1225 | D:2      | Found a bloodstained altar of Trog.
  1504 | D:3      | Reached XP level 5. HP: 47/47 MP: 4/4
  1516 | D:3      | Noticed Ijyb
  1527 | D:3      | Killed Ijyb
  1877 | D:3      | Noticed Grinder
  1879 | D:3      | Reached XP level 6. HP: 32/55 MP: 5/5
  1888 | D:3      | Paralysed by Grinder for 5 turns
  1898 | D:3      | Killed Grinder
  1898 | D:3      | Reached skill level 5 in Fighting
  1898 | D:3      | Reached skill level 5 in Armour
  1898 | D:3      | Reached skill level 5 in Shields
  2038 | D:3      | Found a blossoming altar of Fedhas.
  2313 | D:4      | Reached XP level 7. HP: 61/61 MP: 6/6
  2337 | D:4      | Found a sacrificial altar of Ru.
  2405 | D:4      | Found a hazy altar of Hepliaklqana.
  2538 | D:4      | Reached skill level 5 in Long Blades
  2709 | D:4      | Killed from afar by an orc priest

Vault maps used:
D:1:      lightli_arrival_flooded_house, glass_columns_a, hangedman_decor_push,
          kennysheep_minor_cross, minivault_27, kennysheep_decorative_pillar
D:2:      first_bread, trog_butcher_becter, uniq_natasha
D:3:      fedhas_altar_4, uniq_grinder, uniq_ijyb
D:4:      kennysheep_little_box, nicolae_overflow_hidden_temple,
          kennysheep_mini, temple_hall, guppyfry_early_orc_mine

Skill      XL: |  1  2  3  4  5  6  7 |
---------------+----------------------+-----
Dodging        | 1 2 3 4 |  4.3
Shields        | 4 5 6 |  6.0
Armour         | 4 5 6 |  6.0
Fighting       | 4 5 6 |  6.0
Long Blades    | 3 4 5 |  5.5

Action                   |  1- 3 |  4- 6 |  7- 9 || total
-------------------------+-------+-------+-------++-------
Melee: Long sword        |    92 |   139 |   102 ||   333
       Headbutt          |    13 |    28 |    12 ||    53
  Use: Potion            |       |     1 |     3 ||     4
  Eat: Chunk             |       |     4 |     9 ||    13
Armor: Scale mail        |     7 |       |       ||     7
       Chain mail        |    26 |    79 |    29 ||   134
       Skin              |       |       |    41 ||    41
Dodge: Dodged            |    21 |    43 |    27 ||    91
Block: Shield            |    41 |    94 |    47 ||   182
       Rpst.: Long sword |     6 |    10 |     9 ||    25

Table legend:
 A = Spawn XP
 B = Non-spawn XP
 C = Spawn XP percentage of total XP
 D = Spawn monster count
 E = Non-spawn monster count
 F = Spawn count percentage of total count
 G = Total turns spent on level
                    A         B        C        D         E        F      G
               +---------+---------+-------+---------+---------+-------+---------
         Total |       0 |    1403 |   0.0 |       0 |     108 |   0.0 |  2709
               +---------+---------+-------+---------+---------+-------+---------
           D:1 |       0 |      45 |   0.0 |       0 |      19 |   0.0 |   880
           D:2 |       0 |     147 |   0.0 |       0 |      31 |   0.0 |   611
           D:3 |       0 |     474 |   0.0 |       0 |      34 |   0.0 |   773
           D:4 |       0 |     737 |   0.0 |       0 |      24 |   0.0 |   445
               +---------+---------+-------+---------+---------+-------+---------
